[Event "Titled Tuesday Blitz May 16 Early 2023"]
[White "Florescu, Codrut-Constantin"]
[Black "Bagwe Gaurang"]
[WhiteFideId "1202200"]
[BlackFideId "45039895"]
[WhiteElo "2191"]
[BlackElo "1847"]
[Result "1-0"]
[Round "09"]
[TimeControl "180+2"]
[Date "2023.05.16"]
[WhiteClock "0:02:02"]
[BlackClock "0:00:45"]

1. c4 e6 2. Nc3 d5 3. d4 Nf6 4. Nf3 c5 5. e3 a6 6. a3 cxd4 7. exd4 Nc6 8. Bd3 dxc4 9. Bxc4 Bd6 10. O-O O-O 11. Qe2 b5 12. Ba2 Bb7 13. Rd1 h6 14. Be3 Re8 15. Rac1 Ne7 16. Ne5 Rc8 17. Bxh6 gxh6 18. Nxf7 Qb6 19. Qxe6 Kg7 20. Nxd6 Neg8 21. Nf5+ Kg6 22. Qxb6 Kxf5 23. Qxb7 1-0


[Site "https://www.chess.com"]

[Event "Titled Tuesday Blitz May 16 Early 2023"]
[White "Arabidze, Meri"]
[Black "Czerw, Dawid"]
[WhiteFideId "13604040"]
[BlackFideId "1145746"]
[WhiteElo "2405"]
[BlackElo "2144"]
[Result "1-0"]
[Round "09"]
[TimeControl "180+2"]
[Date "2023.05.16"]
[WhiteClock "0:01:03"]
[BlackClock "0:00:01"]

1. d4 Nf6 2. Nf3 g6 3. g3 Bg7 4. Bg2 c5 5. O-O O-O 6. c3 Na6 7. Re1 d6 8. e4 Rb8 9. e5 dxe5 10. dxe5 Nd5 11. e6 Bxe6 12. Ng5 Nac7 13. Nxe6 fxe6 14. Nd2 b6 15. Ne4 Qd7 16. Bg5 Rbd8 17. Qc1 c4 18. a4 Rf7 19. a5 b5 20. Bh3 Qc6 21. Bd2 Rdf8 22. Re2 Rf5 23. Qe1 h6 24. f4 R5f7 25. Nf2 Rf6 26. Ng4 R6f7 27. Ne5 Bxe5 28. Rxe5 Rf6 29. Qe4 Kg7 30. Re1 Qc5+ 31. Kh1 Qd6 32. Re2 a6 33. Be1 Qc6 34. Bf2 Qd6 35. Bd4 Kh7 36. Re1 R8f7 37. Qe2 Qc6 38. Bg2 Qd6 39. Re4 Rf5 40. Bh3 Rh5 41. Bg4 Rhf5 42. Kg1 h5 43. Bxf5 exf5 44. Re5 e6 45. Rxe6 Nxe6 46. Qxe6 Qxe6 47. Rxe6 Re7 48. Rxa6 Re2 49. Rd6 Ne7 50. a6 Kg8 51. a7 Re1+ 52. Kf2 Ra1 53. Rd8+ Kf7 54. a8=Q 1-0


[Site "https://www.chess.com"]

[Event "Titled Tuesday Blitz May 16 Early 2023"]
[White "Colas, Joshua"]
[Black "Dino_Ballecer"]
[WhiteFideId "2044447"]
[WhiteElo "2347"]
[BlackElo "2542"]
[Result "1-0"]
[Round "09"]
[TimeControl "180+2"]
[Date "2023.05.16"]
[WhiteClock "0:01:41"]
[BlackClock "0:00:06"]

1. Nf3 Nf6 2. c4 g6 3. b3 Bg7 4. Bb2 O-O 5. g3 c6 6. Bg2 d5 7. O-O Re8 8. cxd5 cxd5 9. d4 Ne4 10. Ne5 Nc6 11. Nxc6 bxc6 12. Nd2 Nxd2 13. Qxd2 e5 14. dxe5 Bxe5 15. Bxe5 Rxe5 16. Rfc1 Bd7 17. e3 Qe7 18. b4 h5 19. h4 Re8 20. a4 g5 21. hxg5 Rxg5 22. Qd4 Rg4 23. Qxa7 Rxb4 24. Qc5 Qxc5 25. Rxc5 Ra8 26. a5 h4 27. gxh4 Rxh4 28. a6 Ra7 29. e4 dxe4 30. Rc4 Rh6 31. Rxe4 Rg6 32. Re7 Rd6 33. Bh3 Rxa6 34. Rxa6 Bxh3 35. Rc7 Bd7 36. Ra8+ Kg7 37. Rd8 Rg6+ 38. Kh2 Rh6+ 39. Kg3 Bf5 40. Re8 Be6 41. Rxc6 Kf6 42. Rb8 Rh3+ 43. Kg2 Rd3 44. Rc5 Bh3+ 45. Kh2 Be6 46. Rb6 Rd2 47. Kg3 Rd7 48. Kf4 Rd2 49. Ke3 Rd1 50. Rb2 Rd7 51. Rd2 Ra7 52. Rd4 Ra3+ 53. Rd3 Ra1 54. Rh5 Re1+ 55. Kf4 Rf1 56. f3 Rg1 57. Rd8 Ke7 58. Rdh8 Rb1 59. Rh1 Rb4+ 60. Kg3 Rb3 61. Re1 Kf6 62. Rh6+ Kg7 63. Rh4 Kf6 64. Rf4+ Ke7 65. Rfe4 Kf6 66. R1e3 Rb4 67. Rxb4 1-0


[Site "https://www.chess.com"]

[Event "Titled Tuesday Blitz May 16 Early 2023"]
[White "Martic, Ivan"]
[Black "Kamalidenova, Meruert"]
[WhiteFideId "929301"]
[BlackFideId "13712802"]
[WhiteElo "2360"]
[BlackElo "2361"]
[Result "1-0"]
[Round "09"]
[TimeControl "180+2"]
[Date "2023.05.16"]
[WhiteClock "0:00:10"]
[BlackClock "0:00:13"]

1. e4 e6 2. d4 d5 3. e5 c5 4. c3 Nc6 5. Nf3 Bd7 6. Be2 Qb6 7. O-O cxd4 8. cxd4 Nge7 9. Nc3 Nf5 10. Na4 Qd8 11. Kh1 Be7 12. a3 h5 13. b4 Ncxd4 14. Nxd4 Nxd4 15. Bd3 Nc6 16. Bb2 g6 17. Rc1 Kf8 18. Nc5 Rb8 19. b5 Na5 20. a4 b6 21. Na6 Rc8 22. Qe2 Kg7 23. Rxc8 Bxc8 24. Rc1 Bxa6 25. bxa6 Nb3 26. Rc6 Nc5 27. Bb5 d4 28. Qc4 d3 29. Rd6 Bxd6 30. exd6+ f6 31. Qd4 e5 32. Qd5 d2 33. Be2 Re8 34. Bb5 Re6 35. d7 Re7 36. Qxd2 Nxd7 37. Ba3 Rf7 38. Bc4 Qc7 39. Bxf7 Kxf7 40. Qd5+ Kg7 41. Qb7 Qd8 42. Qxa7 Kh6 43. h4 f5 44. Qb7 Nf6 45. f3 e4 46. Bc1+ g5 47. hxg5+ Kg6 48. gxf6 Qxf6 49. Bd2 Qa1+ 50. Kh2 Qe5+ 51. Kh3 e3 52. Qxb6+ Kf7 53. Qxe3 Qf6 54. Qb3+ Kg6 55. Qg8+ Qg7 56. Qxg7+ Kxg7 57. a7 f4 58. a8=Q Kh7 59. Qe4+ Kg8 60. Qxf4 h4 61. Qg5+ Kh8 62. Qxh4+ Kg7 63. Qg4+ Kh7 64. a5 Kh8 65. Bc3+ Kh7 66. Qg7# 1-0


[Site "https://www.chess.com"]

[Event "Titled Tuesday Blitz May 16 Early 2023"]
[White "Devaev, Alexander"]
[Black "Korchmar, Vasiliy"]
[WhiteFideId "4169395"]
[BlackFideId "24131750"]
[WhiteElo "2172"]
[BlackElo "2370"]
[Result "1-0"]
[Round "09"]
[TimeControl "180+2"]
[Date "2023.05.16"]
[WhiteClock "0:00:14"]
[BlackClock "0:00:00"]

1. Nf3 d5 2. c4 c6 3. e3 Nf6 4. b3 e6 5. Bb2 Nbd7 6. d4 Bd6 7. Nbd2 O-O 8. Bd3 b6 9. Qc2 Bb7 10. Ne5 c5 11. O-O cxd4 12. exd4 Rc8 13. f4 dxc4 14. bxc4 b5 15. c5 Nxc5 16. dxc5 Bxc5+ 17. Kh1 Bd4 18. Qb1 Bxe5 19. Bxe5 Ng4 20. Bxh7+ Kh8 21. Nf3 Bxf3 22. gxf3 Nxe5 23. fxe5 g6 24. Bxg6 fxg6 25. Qxg6 Rc7 26. Qxe6 Rh7 27. Rf2 b4 28. Rg1 a5 29. Rfg2 a4 30. f4 Qa8 31. Rb1 b3 32. axb3 a3 33. Ra1 Qf3 34. Qg4 Qc6 35. e6 Qc3 36. Rag1 Qc8 37. f5 Qa8 38. Qd4+ 1-0


[Site "https://www.chess.com"]

[Event "Titled Tuesday Blitz May 16 Early 2023"]
[White "Pasti, Aron"]
[Black "Manukyan, Sargis A."]
[WhiteFideId "785857"]
[BlackFideId "13303970"]
[WhiteElo "2173"]
[BlackElo "2187"]
[Result "0-1"]
[Round "09"]
[TimeControl "180+2"]
[Date "2023.05.16"]
[WhiteClock "0:01:06"]
[BlackClock "0:02:04"]

1. e4 c5 2. Nf3 d6 3. d4 cxd4 4. Nxd4 Nf6 5. Nc3 g6 6. Be3 Bg7 7. f3 O-O 8. Qd2 Nc6 9. O-O-O d5 10. exd5 Nxd5 11. Nxc6 bxc6 12. Nxd5 cxd5 13. Bd4 e5 14. Bc5 d4 15. Bxf8 Qxf8 16. Kb1 Be6 17. f4 e4 18. f5 gxf5 19. b3 a5 20. a4 d3 21. c4 Rb8 22. Ka2 Rxb3 23. Kxb3 Qb8+ 24. Ka3 Bf8+ 0-1


[Site "https://www.chess.com"]

[Event "Titled Tuesday Blitz May 16 Early 2023"]
[White "Novik, Maxim"]
[Black "Goncalves, Davi Sulzbacher"]
[WhiteFideId "4102924"]
[BlackFideId "2154510"]
[WhiteElo "2287"]
[BlackElo "2182"]
[Result "0-1"]
[Round "09"]
[TimeControl "180+2"]
[Date "2023.05.16"]
[WhiteClock "0:01:21"]
[BlackClock "0:00:54"]

1. e4 c5 2. Nc3 Nc6 3. Bb5 g6 4. Bxc6 dxc6 5. d3 Bg7 6. f4 Nf6 7. Nf3 O-O 8. O-O b6 9. Qe1 Ba6 10. b3 Qc8 11. Bb2 Nh5 12. Qh4 e6 13. Na4 Bxb2 14. Nxb2 Qd8 15. Qxd8 Raxd8 16. Ne5 Bb7 17. g4 Ng7 18. a4 f6 19. Nf3 Ba6 20. Kg2 h5 21. h3 hxg4 22. hxg4 Kf7 23. Kg3 Rh8 24. Rh1 Rde8 25. e5 f5 26. Ng5+ Ke7 27. a5 b5 28. Nd1 Rxh1 0-1


[Site "https://www.chess.com"]

[Event "Titled Tuesday Blitz May 16 Early 2023"]
[White "Garrido, Denis"]
[Black "Skliarov, Viktor"]
[WhiteFideId "601217"]
[BlackFideId "14106736"]
[WhiteElo "2319"]
[BlackElo "2317"]
[Result "0-1"]
[Round "09"]
[TimeControl "180+2"]
[Date "2023.05.16"]
[WhiteClock "0:00:11"]
[BlackClock "0:00:08"]

1. d4 Nf6 2. c4 e6 3. Nf3 c5 4. d5 exd5 5. cxd5 d6 6. e4 g6 7. h3 Bg7 8. Nc3 O-O 9. Be3 Re8 10. Nd2 a6 11. a4 Nxe4 12. Ncxe4 f5 13. Be2 fxe4 14. Nc4 Qc7 15. Rc1 Nd7 16. O-O b5 17. axb5 axb5 18. Na3 b4 19. Nb5 Qb8 20. Ra1 Ba6 21. Rxa6 Rxa6 22. Nc7 Qxc7 23. Bxa6 Bxb2 24. Bb5 Rf8 25. Qc2 Bg7 26. Qxe4 Ne5 27. Rc1 Qf7 28. Rb1 Qf5 29. Qxf5 Rxf5 30. f4 Nf7 31. Bc6 Bd4 32. Bxd4 cxd4 33. Rxb4 Rxf4 34. Rb8+ Kg7 35. Rb4 Ne5 36. g3 Rf3 37. Kg2 Rd3 38. Ra4 Rd2+ 39. Kf1 Kf6 40. Ra8 d3 41. Rf8+ Kg7 42. Rf2 Nc4 43. Rxd2 Nxd2+ 44. Ke1 Ne4 45. g4 Kf6 46. Bb5 d2+ 47. Kd1 Nc3+ 48. Kxd2 Nxb5 49. Ke3 Ke5 50. h4 Nc7 51. h5 g5 52. Kd3 Nxd5 0-1


[Site "https://www.chess.com"]

[Event "Titled Tuesday Blitz May 16 Early 2023"]
[White "Fan_Of_Chucky"]
[Black "Danielyan, Vahe"]
[BlackFideId "13304828"]
[WhiteElo "2396"]
[BlackElo "2423"]
[Result "1-0"]
[Round "09"]
[TimeControl "180+2"]
[Date "2023.05.16"]
[WhiteClock "0:00:16"]
[BlackClock "0:00:43"]

1. d4 e6 2. c4 f5 3. Nf3 Nf6 4. g3 b6 5. d5 Bb7 6. Nc3 Bb4 7. Bg2 O-O 8. O-O Bxc3 9. bxc3 Na6 10. Ba3 Re8 11. Nd4 Nc5 12. Bxc5 bxc5 13. Nb3 d6 14. Rb1 Rb8 15. Na5 Ba8 16. Nc6 Rxb1 17. Qxb1 Bxc6 18. dxc6 Qb8 19. Qb7 Qxb7 20. cxb7 Rb8 21. a4 Kf8 22. a5 a6 23. Rb1 Ke7 24. Bc6 d5 25. cxd5 exd5 26. c4 Kd6 27. cxd5 Nxd5 28. Be8 Nb4 29. Rd1+ Ke7 30. Ba4 Rxb7 31. Rd7+ Kf6 32. Bb3 Nc6 33. Bd5 Rb1+ 34. Kg2 Nxa5 35. Rxc7 Ke5 36. Bg8 Kd6 37. Rxg7 c4 38. Bxh7 Rb5 39. Rg6+ Kc7 40. Rg5 Nc6 41. h4 c3 42. Bxf5 Rxf5 43. Rxf5 Kb6 44. Rf3 1-0


[Site "https://www.chess.com"]

[Event "Titled Tuesday Blitz May 16 Early 2023"]
[White "Galchenko, Matvey"]
[Black "wqws"]
[WhiteFideId "24175480"]
[WhiteElo "2423"]
[BlackElo "2602"]
[Result "1-0"]
[Round "09"]
[TimeControl "180+2"]
[Date "2023.05.16"]
[WhiteClock "0:00:11"]
[BlackClock "0:00:08"]

1. e4 c5 2. c3 Nf6 3. e5 Nd5 4. Nf3 d6 5. Bb5+ Bd7 6. Bc4 Nb6 7. Bb3 d5 8. d4 e6 9. O-O Nc6 10. a3 cxd4 11. cxd4 Be7 12. Nc3 O-O 13. Bc2 Rc8 14. Qd3 g6 15. Bh6 Re8 16. Qe3 Nc4 17. Qf4 Nxb2 18. Rab1 Nc4 19. Rxb7 Rb8 20. Rxb8 Qxb8 21. Ng5 f5 22. Rb1 Qd8 23. Bd3 Nxa3 24. Rc1 Nb4 25. Bf1 Nc4 26. h4 Bf8 27. Bxf8 Rxf8 28. h5 Qe7 29. hxg6 hxg6 30. Qh4 a5 31. Ne2 Nd3 32. Rc3 Ncb2 33. Nc1 Nxc1 34. Rxc1 Nc4 35. Rc3 a4 36. Rg3 a3 37. Bxc4 dxc4 38. Rxa3 f4 39. Rh3 Qg7 40. Qg4 Rf5 41. Rc3 Bb5 42. Nxe6 Qh6 43. d5 f3 44. Rxf3 Qc1+ 45. Kh2 Rh5+ 46. Rh3 Qh6 47. Nf4 Rxh3+ 48. gxh3 c3 49. Ng2 c2 50. Qc8+ Kh7 51. Qxc2 Qg5 52. Qe4 Bd7 53. e6 Be8 54. d6 Qd8 55. d7 Bxd7 56. exd7 Qxd7 57. Nf4 Qd6 58. Qxg6+ Qxg6 59. Nxg6 Kxg6 60. Kg3 Kg5 61. f4+ Kf5 62. Kf3 Kg6 63. Kg4 Kf6 64. f5 Kg7 65. Kg5 Kh8 66. Kg6 Kg8 67. f6 Kf8 68. f7 1-0


[Site "https://www.chess.com"]

[Event "Titled Tuesday Blitz May 16 Early 2023"]
[White "HamedWafa4"]
[Black "Hafiz, Arif Abdul"]
[BlackFideId "7104227"]
[WhiteElo "2600"]
[BlackElo "2198"]
[Result "0-1"]
[Round "09"]
[TimeControl "180+2"]
[Date "2023.05.16"]
[WhiteClock "0:00:00"]
[BlackClock "0:00:06"]

1. e4 e5 2. Nf3 Nc6 3. Bb5 Nf6 4. Nc3 Nd4 5. Bc4 Bc5 6. O-O O-O 7. Nxe5 c6 8. Nf3 d5 9. exd5 Bg4 10. Be2 Nxe2+ 11. Qxe2 cxd5 12. h3 Bh5 13. d3 Re8 14. Qd1 Qd6 15. d4 Bb6 16. Be3 a6 17. Re1 Ne4 18. g4 Bg6 19. Ne5 Bc7 20. f4 Nxc3 21. bxc3 Be4 22. Qd2 f6 23. Nd3 h5 24. Nf2 hxg4 25. Nxe4 Rxe4 26. hxg4 Rae8 27. Qf2 g5 28. Bd2 gxf4 29. Qf3 Kg7 30. Kg2 Qe6 31. Kf2 b5 32. a4 bxa4 33. c4 Qb6 34. c5 Qb2 35. Qd3 Rxe1 36. Rxe1 Rxe1 37. Kxe1 a3 38. Qf5 Qb5 39. g5 Bd8 40. gxf6+ Bxf6 41. Bxf4 a2 42. Qg4+ Kf7 43. Qh5+ Ke7 44. Bd6+ Kd8 45. Qf7 Qe8+ 46. Qxe8+ Kxe8 0-1


[Site "https://www.chess.com"]

[Event "Titled Tuesday Blitz May 16 Early 2023"]
[White "Mikhailovsky, Vladimir"]
[Black "Sebag, Marie"]
[WhiteFideId "34105414"]
[BlackFideId "617822"]
[WhiteElo "2271"]
[BlackElo "2431"]
[Result "1-0"]
[Round "09"]
[TimeControl "180+2"]
[Date "2023.05.16"]
[WhiteClock "0:00:03"]
[BlackClock "0:00:06"]

1. e4 e5 2. Nf3 Nc6 3. Nc3 Nf6 4. Nxe5 Nxe5 5. d4 Ng6 6. e5 Be7 7. exf6 Bxf6 8. Nd5 O-O 9. Be2 c6 10. Nxf6+ Qxf6 11. d5 cxd5 12. O-O d4 13. Bf3 d6 14. Re1 Ne5 15. Be4 Bg4 16. f3 Be6 17. Bxb7 Rab8 18. Be4 d5 19. Bd3 Nxd3 20. cxd3 Bf5 21. b3 Qg6 22. Bb2 Qf6 23. Qd2 Rbc8 24. Qf2 Bxd3 25. Bxd4 Qg6 26. Bxa7 Rc2 27. Qg3 Ra8 28. Bd4 Qxg3 29. hxg3 h5 30. Re3 Bf5 31. a4 f6 32. Re7 Rd2 33. Bc5 Rc8 34. b4 d4 35. a5 d3 36. a6 Rc2 37. a7 d2 38. a8=Q Rxa8 39. Rxa8+ Kh7 40. Rd8 Rc1+ 41. Kh2 d1=Q 42. Rxd1 Rxd1 43. Rc7 Kg8 44. b5 Rb1 45. b6 Bd3 46. b7 Kh7 47. Bf8 Kg6 48. Rxg7+ Kf5 49. Bd6 1-0


[Site "https://www.chess.com"]

[Event "Titled Tuesday Blitz May 16 Early 2023"]
[White "Aydincelebi, Kagan"]
[Black "Gheorghiu, Calin"]
[WhiteFideId "6361102"]
[BlackFideId "1200305"]
[WhiteElo "2180"]
[BlackElo "2223"]
[Result "1-0"]
[Round "09"]
[TimeControl "180+2"]
[Date "2023.05.16"]
[WhiteClock "0:00:13"]
[BlackClock "0:00:00"]

1. e4 c5 2. Nf3 d6 3. Bb5+ Nd7 4. O-O Nf6 5. Re1 a6 6. Bf1 e5 7. c3 Be7 8. d4 O-O 9. dxe5 dxe5 10. c4 Re8 11. Nc3 Bf8 12. Bg5 h6 13. Bh4 Qb6 14. Qd2 Nb8 15. Rad1 Bg4 16. Be2 Bxf3 17. Bxf3 Be7 18. Bg3 Nc6 19. Nd5 Nxd5 20. exd5 Bg5 21. Qc3 Nd4 22. Bxe5 Rxe5 23. Rxe5 Bf6 24. Rde1 Bxe5 25. Rxe5 Qf6 26. Qe3 g6 27. Bg4 Kg7 28. h3 b5 29. b3 bxc4 30. bxc4 Rb8 31. Re4 Rb1+ 32. Kh2 h5 33. Bf3 Nf5 34. Qf4 g5 35. Qe5 Nd4 36. Qxf6+ Kxf6 37. Bxh5 Rb2 38. d6 Rb6 39. d7 Rd6 40. Bg4 Nf5 41. Re8 Rxd7 42. Rc8 Rd2 43. Rc6+ Nd6 44. Rxc5 Ke7 45. Re5+ Kd8 46. c5 Nc4 47. Rxg5 Rxf2 48. h4 Rxa2 49. h5 1-0


[Site "https://www.chess.com"]

[Event "Titled Tuesday Blitz May 16 Early 2023"]
[White "SashaKuzhilniy"]
[Black "Molina, Roberto Junio Brito"]
[BlackFideId "2109450"]
[WhiteElo "2591"]
[BlackElo "2376"]
[Result "1-0"]
[Round "09"]
[TimeControl "180+2"]
[Date "2023.05.16"]
[WhiteClock "0:00:02"]
[BlackClock "0:00:00"]

1. b3 d5 2. Bb2 Bg4 3. d3 e6 4. Nd2 Bh5 5. Ngf3 Nd7 6. g3 Ngf6 7. Bg2 Bd6 8. O-O Qe7 9. a4 c6 10. e4 O-O 11. Qe2 e5 12. h3 Rfe8 13. Rfe1 d4 14. g4 Bg6 15. Nh4 Bb4 16. Nf5 Qc5 17. Rec1 Nf8 18. Nc4 Ne6 19. Qf3 Rad8 20. Qg3 Nf4 21. Bf1 Bxf5 22. gxf5 b5 23. axb5 cxb5 24. Na3 Bc3 25. Bxc3 dxc3 26. Qe3 Rd4 27. b4 Qb6 28. Nb1 Rc8 29. Ra3 Rxb4 30. Qxb6 axb6 31. Nxc3 g6 32. fxg6 hxg6 33. Ne2 N6h5 34. Ng3 Rb2 35. Ra6 b4 36. Rxb6 b3 37. c3 Ra8 38. d4 Raa2 39. Nh1 Nf6 40. Rxf6 Ne6 41. dxe5 Kg7 42. Bc4 Ng5 43. Rb6 Nxh3+ 44. Kf1 Nxf2 45. Nxf2 Rxf2+ 46. Ke1 Rh2 47. Rxb3 Rh4 48. Bf1 Rxe4+ 49. Kd1 Rf2 50. Bd3 Rxe5 51. c4 Rg5 52. Ke1 Rh2 53. Bf1 Re5+ 54. Kd1 Rf2 55. Bd3 Rh5 56. Ke1 Rg2 57. Bf1 1-0


[Site "https://www.chess.com"]

[Event "Titled Tuesday Blitz May 16 Early 2023"]
[White "Bodnaruk, Anastasia"]
[Black "Rozman, Levy"]
[WhiteFideId "4181751"]
[BlackFideId "2039877"]
[WhiteElo "2304"]
[BlackElo "2376"]
[Result "0-1"]
[Round "09"]
[TimeControl "180+2"]
[Date "2023.05.16"]
[WhiteClock "0:00:00"]
[BlackClock "0:00:37"]

1. e4 c6 2. d4 d5 3. e5 c5 4. c3 Nc6 5. Be2 Nh6 6. Nf3 Bg4 7. dxc5 Bxf3 8. Bxf3 e6 9. b4 Nxe5 10. Be2 Be7 11. O-O Nf5 12. Bb2 O-O 13. Nd2 b6 14. cxb6 Qxb6 15. Nb3 Rfc8 16. Kh1 Nc4 17. Bxc4 Rxc4 18. Na5 Rc7 19. Qd3 Rb8 20. Rac1 Bf6 21. Nb3 Nd6 22. Nc5 Nc4 23. Ba1 a5 24. Rb1 Qc6 25. Rb3 h6 26. Kg1 Be7 27. Qd4 a4 28. Rbb1 Bxc5 29. bxc5 Rb5 30. Rb4 Rxc5 31. Rfb1 Rc8 32. Rb8 e5 33. Qg4 Qe6 34. Qh4 Rxb8 35. Rxb8+ Rc8 36. Rb7 Qf5 37. h3 a3 38. Qe7 Kh7 39. h4 Rc6 40. Rb8 h5 41. Qe8 Rb6 42. Qh8+ Kg6 43. Rxb6+ Nxb6 44. c4 Nxc4 45. Kh2 Qf4+ 0-1


[Site "https://www.chess.com"]

[Event "Titled Tuesday Blitz May 16 Early 2023"]
[White "Bryakin, Mikhail"]
[Black "Al-Tarboush, Ward"]
[WhiteFideId "4165314"]
[BlackFideId "7601450"]
[WhiteElo "2467"]
[BlackElo "2265"]
[Result "0-1"]
[Round "09"]
[TimeControl "180+2"]
[Date "2023.05.16"]
[WhiteClock "0:00:04"]
[BlackClock "0:01:06"]

1. e4 e6 2. d4 d5 3. e5 c5 4. c3 Nc6 5. Nf3 Qb6 6. Be2 Nh6 7. O-O cxd4 8. cxd4 Nf5 9. Nc3 Ncxd4 10. Be3 Nxf3+ 11. Bxf3 d4 12. Na4 Qd8 13. Bf4 Be7 14. Rc1 O-O 15. Qb3 Rb8 16. Rfd1 Bd7 17. Nc5 Bxc5 18. Rxc5 Bc6 19. Bxc6 bxc6 20. Qc2 Qb6 21. b3 Rfd8 22. Rxc6 d3 23. Qc1 Qb5 24. Rd6 Nxd6 25. exd6 e5 26. Be3 Rxd6 27. Qc7 Rbd8 28. Qxa7 Qa6 29. Qxa6 Rxa6 30. a4 e4 31. f3 f5 32. f4 Rb8 33. Rb1 Rxa4 34. Rc1 Rxb3 35. Kf2 Ra2+ 36. Kg3 d2 0-1


[Site "https://www.chess.com"]

[Event "Titled Tuesday Blitz May 16 Early 2023"]
[White "Panesar Vedant"]
[Black "egorchess95"]
[WhiteFideId "35033018"]
[WhiteElo "2347"]
[BlackElo "2571"]
[Result "1-0"]
[Round "09"]
[TimeControl "180+2"]
[Date "2023.05.16"]
[WhiteClock "0:02:18"]
[BlackClock "0:00:36"]

1. e4 c5 2. Nf3 Nc6 3. d4 cxd4 4. Nxd4 Nf6 5. Nc3 e5 6. Ndb5 d6 7. Nd5 Nxd5 8. exd5 Nb8 9. a4 Be7 10. Be2 O-O 11. O-O f5 12. f4 Nd7 13. Kh1 a6 14. Na3 exf4 15. Bxf4 Ne5 16. Nc4 Ng6 17. Be3 f4 18. Bb6 Qe8 19. Bd3 Qf7 20. Bc7 Nh4 21. Nxd6 Bxd6 22. Bxd6 Qxd5 23. Bxh7+ Kh8 24. Qxd5 1-0


[Site "https://www.chess.com"]

[Event "Titled Tuesday Blitz May 16 Early 2023"]
[White "Thecourseoisildur"]
[Black "Halkias, Stelios"]
[BlackFideId "4201809"]
[WhiteElo "2561"]
[BlackElo "2451"]
[Result "0-1"]
[Round "09"]
[TimeControl "180+2"]
[Date "2023.05.16"]
[WhiteClock "0:00:00"]
[BlackClock "0:00:17"]

1. e4 c5 2. Nf3 d6 3. d4 cxd4 4. Nxd4 Nf6 5. Nc3 a6 6. Rg1 e5 7. Nb3 h5 8. Bg5 Be6 9. Bxf6 Qxf6 10. Na5 Nc6 11. Nc4 Rd8 12. Nd5 Qh4 13. Nc7+ Kd7 14. Nxe6 Qxe4+ 15. Be2 fxe6 16. c3 Kc7 17. Qb3 d5 18. Qb6+ Kc8 19. Ne3 Qa4 20. Kf1 Bd6 21. g4 h4 22. g5 Rhf8 23. Rg4 Qa5 24. Qxa5 Nxa5 25. Rxh4 e4 26. Bg4 Kb8 27. Bxe6 Bc5 28. Rh3 Nc4 29. Nxc4 Rxf2+ 30. Ke1 dxc4 31. Bxc4 Rxb2 32. Rh7 Rg2 0-1


[Site "https://www.chess.com"]

[Event "Titled Tuesday Blitz May 16 Early 2023"]
[White "Demin, Vladimir"]
[Black "Gritsenko, Nikolai"]
[WhiteFideId "4167457"]
[BlackFideId "14112493"]
[WhiteElo "2549"]
[BlackElo "2389"]
[Result "1-0"]
[Round "09"]
[TimeControl "180+2"]
[Date "2023.05.16"]
[WhiteClock "0:00:10"]
[BlackClock "0:00:05"]

1. d4 d5 2. Nc3 Nf6 3. Bf4 Bf5 4. f3 e6 5. e3 c5 6. g4 Bg6 7. h4 h5 8. g5 Nfd7 9. Nb5 Na6 10. c3 Be7 11. Bd3 Bxd3 12. Qxd3 Qb6 13. a4 g6 14. Ne2 O-O 15. Kf2 Rfd8 16. Kg2 e5 17. Bxe5 Nxe5 18. dxe5 c4 19. Qd2 Nc5 20. Nbd4 a6 21. f4 Ne4 22. Qc2 Qc7 23. Ng3 Nc5 24. a5 Bf8 25. Rhf1 Re8 26. Kg1 Rad8 27. e4 Nd3 28. exd5 Rxd5 29. Ne4 Be7 30. Nf6+ Bxf6 31. gxf6 Red8 32. Qg2 Qc5 33. Kh1 Rxd4 34. cxd4 Rxd4 35. e6 Nxf4 36. e7 Nxg2 37. e8=Q+ Qf8 38. Qxf8+ Kxf8 39. Kxg2 Rxh4 40. Rad1 Rg4+ 41. Kf3 Kg8 42. Rd8+ Kh7 43. Rf8 g5 44. Rxf7+ Kg6 45. Rxb7 Rf4+ 46. Ke2 Re4+ 47. Kd2 Re8 48. f7 Rf8 49. Rb6+ Kg7 50. Rxa6 g4 51. Ke2 h4 52. Rf4 g3 53. Kf1 Rxf7 54. Rxf7+ Kxf7 55. Kg2 Ke7 56. Rc6 Kd7 57. Rxc4 1-0


[Site "https://www.chess.com"]

[Event "Titled Tuesday Blitz May 16 Early 2023"]
[White "iHateNAJDORF"]
[Black "Starozhilov, Leonid"]
[BlackFideId "14106752"]
[WhiteElo "2552"]
[BlackElo "2352"]
[Result "1-0"]
[Round "09"]
[TimeControl "180+2"]
[Date "2023.05.16"]
[WhiteClock "0:00:21"]
[BlackClock "0:00:00"]

1. c4 Nf6 2. Nc3 g6 3. e4 d6 4. d4 Bg7 5. h3 e5 6. d5 a5 7. Be3 Na6 8. Nf3 Nh5 9. Nd2 O-O 10. Be2 Nf4 11. Bf3 Nd3+ 12. Kf1 f5 13. Qb1 Nxb2 14. exf5 gxf5 15. Qxb2 f4 16. Nde4 fxe3 17. fxe3 Bf5 18. Kg1 Bh6 19. Qe2 Kh8 20. Kh2 Qh4 21. g3 Qe7 22. Raf1 Rg8 23. Bg4 Bg6 24. Bf5 Raf8 25. Bxg6 hxg6 26. Kg2 Nb8 27. h4 Nd7 28. Rb1 b6 29. g4 Rf7 30. g5 Bf8 31. h5 gxh5 32. Rxh5+ Rh7 33. Rbh1 Rg7 34. Qg4 Kg8 35. Rxh7 Rxh7 36. Nf6+ 1-0


[Site "https://www.chess.com"]

[Event "Titled Tuesday Blitz May 16 Early 2023"]
[White "Shuvalov, Evgenij"]
[Black "Mendez Fortes, Eduardo Jesus"]
[WhiteFideId "4187237"]
[BlackFideId "3502376"]
[WhiteElo "2080"]
[BlackElo "2307"]
[Result "0-1"]
[Round "09"]
[TimeControl "180+2"]
[Date "2023.05.16"]
[WhiteClock "0:00:00"]
[BlackClock "0:00:19"]

1. d4 Nf6 2. c4 e6 3. Nc3 Bb4 4. f3 c5 5. d5 O-O 6. e4 d6 7. Ne2 b5 8. Nf4 e5 9. Ne2 bxc4 10. Ng3 Kh8 11. Bxc4 Ng8 12. O-O Ne7 13. f4 exf4 14. Bxf4 Ng6 15. Qh5 Qe7 16. Rae1 Bxc3 17. bxc3 f6 18. Nf5 Bxf5 19. exf5 Ne5 20. Bxe5 dxe5 21. d6 Qxd6 22. Rd1 Qc7 23. Rd3 h6 24. Rfd1 e4 25. Rd6 Nc6 26. Rd7 Qf4 27. Qg6 Qg5 28. Bd5 Ne5 29. Qxg5 fxg5 30. Bxa8 Nxd7 31. Bxe4 Nb6 32. Rd6 Re8 33. Re6 Rxe6 34. fxe6 Kg8 35. Bg6 Kf8 36. Kf2 Ke7 37. Bf5 Kf6 38. g4 Nd5 0-1


[Site "https://www.chess.com"]

[Event "Titled Tuesday Blitz May 16 Early 2023"]
[White "Chernomordik, Pavel"]
[Black "Volkov, Maksim"]
[WhiteFideId "2804530"]
[BlackFideId "54123070"]
[WhiteElo "2193"]
[BlackElo "2297"]
[Result "0-1"]
[Round "09"]
[TimeControl "180+2"]
[Date "2023.05.16"]
[WhiteClock "0:00:00"]
[BlackClock "0:00:16"]

1. e4 e6 2. Nc3 d5 3. d4 Bb4 4. Ne2 dxe4 5. a3 Be7 6. Nxe4 Nf6 7. Qd3 Bd7 8. N2c3 Bc6 9. Bf4 Nbd7 10. O-O-O Nb6 11. Nxf6+ Bxf6 12. Qg3 Rc8 13. h4 Nd5 14. Be5 Nxc3 15. Qxc3 O-O 16. h5 h6 17. f3 Bxe5 18. dxe5 Qg5+ 19. Kb1 Rcd8 20. Bd3 Qxg2 21. Rhg1 Qxf3 22. Qe1 Kh8 23. Qh4 Rg8 24. Rdf1 Qe3 25. Re1 Qd4 26. Qe7 Rd7 27. Qb4 Qxb4 28. axb4 a6 29. Ref1 b5 30. Rf4 Bd5 31. Rgf1 Rf8 32. Bg6 Kg8 33. c3 Bc4 34. R1f2 Bd3+ 35. Bxd3 Rxd3 36. Rd4 Rxd4 37. cxd4 Rd8 38. Rc2 Rxd4 39. Rxc7 Rxb4 40. Rc8+ Kh7 41. Rc7 Re4 42. Rxf7 Rxe5 43. Ra7 Rxh5 44. Rxa6 Re5 0-1


[Site "https://www.chess.com"]